 Dungeon Crawl Stone Soup version v1.0-3-g0d6430d (webtiles) character file.

7415 TheOrbIsALie the Arsonist (level 10, 0/69 HPs)
             Began as an Obsidian Dwarf Fire Elementalist on Sept 16, 2018.
             Was a Priest of Makhleb.
             Slain by a wolf (8 damage)
             ... led by Grum
             ... on level 10 of the Dungeon.
             The game lasted 00:24:19 (9821 turns).

TheOrbIsALie the Arsonist (ODFE)                    Turns: 9821, Time: 00:24:20

Health: 0/69       AC:  7    Str: 14    XL:     10   Next: 93%
Magic:  0/0        EV: 15    Int: 22    God:    Makhleb [***...]
Gold:   495        SH:  0    Dex: 11    Spells: 24/28 levels left

rFire    + . .     SeeInvis .   g - +1 dire flail (protect)
rCold    + . .     Gourm    .   (shield currently unavailable)
rNeg     . . .     Faith    .   n - +0 ring mail
rPois    .         Spirit   .   L - +0 helmet
rElec    .         Reflect  .   G - scarf {rC+ rF+}
rCorr    .         Harm     +   u - +0 pair of gloves
MR       +....                  (no boots)
Stlth    +.........             (no amulet)
HPRegen  0.00/turn              I - +4 ring of evasion
MPRegen  0.07/turn              K - ring of protection from magic

@: mighty
A: no MP, cast from HP, harm, hooves 1, inhibited regeneration
a: Minor Destruction, Lesser Servant of Makhleb, Renounce Religion


You were on level 10 of the Dungeon.
You worshipped Makhleb.
Makhleb was most pleased with you.
You were not hungry.

You visited 2 branches of the dungeon, and saw 11 of its levels.

You collected 495 gold pieces.

Inventory:

Hand Weapons
 g - a +1 dire flail of protection (weapon)
Armour
 a - a +0 robe
 n - a +0 ring mail (worn)
 p - a +0 cloak
 t - a scarf of repulsion
 u - a +0 pair of gloves (worn)
 v - a +2 buckler
 G - a scarf of resistance (worn)
 L - a +0 helmet (worn)
Jewellery
 B - an uncursed ring of poison resistance
 I - a +4 ring of evasion (left hand)
 K - a ring of protection from magic (right hand)
 O - an uncursed ring of stealth
Wands
 y - a wand of polymorph (4)
 A - a wand of enslavement (15)
 D - a wand of random effects (31)
Scrolls
 b - 3 scrolls of amnesia {unknown}
 d - 8 scrolls of remove curse
 e - 11 scrolls of identify
 f - 4 scrolls of teleportation {unknown}
 h - 2 scrolls of fear
 i - a scroll of blinking {unknown}
 k - 5 scrolls of noise {unknown}
 l - 2 scrolls of enchant weapon {unknown}
 o - a scroll of fog {unknown}
 r - a scroll of magic mapping {unknown}
 s - a scroll of immolation {unknown}
 E - a scroll of random uselessness {unknown}
 N - a scroll of vulnerability {unknown}
Potions
 j - 5 potions of curing
 m - a potion of degeneration {unknown}
 q - a potion of brilliance {unknown}
 x - a potion of ambrosia {unknown}
 z - a potion of invisibility {unknown}
 C - a potion of mutation
 F - 2 potions of magic
 J - 2 potions of resistance
Comestibles
 c - 9 rations


   Skills:
 - Level 2.0 Dodging
 - Level 1.7 Stealth
 - Level 9.7 Spellcasting
 + Level 9.9 Conjurations
 - Level 11.1 Fire Magic


You had 24 spell levels left.
You knew the following spells:

 Your Spells              Type           Power        Failure   Level  Hunger
a - Flame Tongue          Conj/Fire      #####        1%          1    None
b - Conjure Flame         Conj/Fire      ######..     1%          3    None


Dungeon Overview and Level Annotations

Branches:
Dungeon (10/15)            Temple (1/1) D:5
   Lair: D:8-11         Orc: D:9-12

Altars:
Elyvilon
Fedhas
Gozag
Kikubaaqudgha
Makhleb
Nemelex Xobeh
Okawaru
Qazlal
Ru
Sif Muna
Uskayaw
Vehumet
Yredelemnul
Zin

Shops:
D:5 =

Annotations:
D:6 Eustachio


Innate Abilities, Weirdness & Mutations

You have no magical power.
You expend HP in place of MP.
You both give and receive extra harm.
You have large cloven feet.
You do not regenerate when monsters are visible.


Message History

You puncture the human!
You kill the human!
Makhleb accepts your kill. The wolf barely misses you.
Okay, then.
Unknown command.
You puncture the wolf!
You kill the wolf!
Makhleb accepts your kill.
You feel better. The wolf bites you but does no damage.
You miss the wolf. Your kick misses the wolf. The wolf closely misses you.
The wolf bites you.
* * * LOW HITPOINT WARNING * * *
You barely miss the wolf. The wolf bites you.
* * * LOW HITPOINT WARNING * * *
The wolf barely misses you.
You closely miss the wolf. The wolf bites you.
* * * LOW HITPOINT WARNING * * *
The wolf closely misses you. The wolf bites you!
You die...

................≈
...............≈≈ #<..
....†.......†...≈ #.....
...........).....
#.......................
#......(............(...
#.......................
#.....########(.........
#../..#@#.# #(.........
#.....#h#.# #g.........
#.....)h#.#+##..........
#.....#.....(#..........
##....#.#.#..#..........
##...########..........
##......g.............
##...................
##..................


You could see 2 wolves.

Vanquished Creatures
  3 two-headed ogres
  The ghost of TheOrbIsALie the Cleaver, a novice WeBe of Trog (D:5)
  A centaur skeleton (D:10)
  A hippogriff (D:10)
  A wyvern (D:7)
  A human (D:10)
  A hungry ghost (D:8)
  Grum (D:10)
  Edmund (D:5)
  4 ice beasts
  3 orc warriors
  A black bear (D:8)
  2 sky beasts (D:9)
  2 ogres
  3 phantoms
  4 centaurs
  A wolf (D:10)
  A big kobold (D:10)
  7 bullfrogs
  A gnoll sergeant (D:5)
  5 scorpions
  3 killer bees (D:7)
  3 howler monkeys (D:10)
  An electric eel (D:10)
  2 crimson imps
  A centaur zombie (D:7)
  2 quasits
  An iron imp (D:9)
  2 jellies
  4 hounds
  2 orc priests (D:9)
  A gnoll shaman (D:6)
  A bullfrog skeleton (D:9)
  Jessica (D:2)
  8 orc wizards
  2 iguanas
  8 worker ants
  9 adders
  8 gnolls
  A shadow imp (D:6)
  An ooze (D:3)
  An adder zombie (D:5)
  3 adder skeletons
  A worm (D:2)
  3 dart slugs
  3 leopard geckos
  19 orcs
  5 giant cockroaches
  8 goblins
  4 hobgoblins
  7 jackals
  5 quokkas
  A ball python (D:3)
  8 bats
  3 frilled lizards
  15 kobolds
  6 rats
198 creatures vanquished.

Notes
Turn   | Place    | Note
-------+----------+-------------------------------------------
     0 | D:1      | TheOrbIsALie the Obsidian Dwarf Fire Elementalist began the quest for the Orb.
     0 | D:1      | Reached XP level 1. HP: 14/14 MP: 0/0
   376 | D:1      | Reached XP level 2. HP: 10/20 MP: 0/5
  1306 | D:2      | Noticed Jessica
  1311 | D:2      | Killed Jessica
  1311 | D:2      | Reached XP level 3. HP: 24/26 MP: 0/6
  1422 | D:2      | Noticed a phantom
  1485 | D:2      | Killed a phantom
  1485 | D:2      | Reached skill level 5 in Conjurations
  1485 | D:2      | Reached XP level 4. HP: 19/33 MP: 0/7
  1485 | D:2      | Reached XP level 5. HP: 22/38 MP: 0/8
  2167 | D:3      | Found a radiant altar of Vehumet.
  2319 | D:3      | Found an iron altar of Okawaru.
  2774 | D:4      | Reached XP level 6. HP: 33/45 MP: 0/9
  3167 | D:4      | Reached skill level 4 in Fire Magic
  3238 | D:4      | Found an ancient bone altar of Kikubaaqudgha.
  3328 | D:4      | Found a basalt altar of Yredelemnul.
  3400 | D:4      | Found an opulent altar of Gozag.
  3586 | D:5      | Entered Level 5 of the Dungeon
  3610 | D:5      | Found a white marble altar of Elyvilon.
  3686 | D:5      | Reached skill level 5 in Fire Magic
  3815 | D:5      | Found a staircase to the Ecumenical Temple.
  3826 | Temple   | Entered the Ecumenical Temple
  3889 | Temple   | Became a worshipper of Makhleb the Destroyer
  3920 | D:5      | Noticed an ice beast
  3922 | D:5      | Reached XP level 7. HP: 48/50 MP: 0/10
  3926 | D:5      | Reached skill level 6 in Fire Magic
  3948 | D:5      | Found Cehopp's Jewellery Shoppe.
  4153 | D:5      | Reached skill level 7 in Fire Magic
  4339 | D:5      | Found a glowing silver altar of Zin.
  4354 | D:5      | Noticed TheOrbIsALie's ghost (novice WeBe)
  4372 | D:5      | Killed TheOrbIsALie's ghost
  4372 | D:5      | Reached skill level 8 in Fire Magic
  4372 | D:5      | Reached XP level 8. HP: 24/57 MP: 0/11
  5066 | D:6      | Reached skill level 9 in Fire Magic
  5076 | D:6      | Noticed Edmund
  5077 | D:6      | Noticed Eustachio
  5121 | D:5      | Killed Edmund
  5369 | D:6      | Found a blossoming altar of Fedhas.
  5755 | D:7      | Reached skill level 10 in Fire Magic
  5950 | D:7      | Reached XP level 9. HP: 43/62 MP: 0/12
  6052 | D:7      | Learned a level 3 spell: Conjure Flame
  6189 | D:7      | Reached skill level 11 in Fire Magic
  6190 | D:7      | Reached * piety under Makhleb
  6522 | D:7      | Found a hide-covered altar of Uskayaw.
  6606 | D:7      | Found a deep blue altar of Sif Muna.
  6715 | D:8      | Noticed a two-headed ogre
  6730 | D:8      | Killed a two-headed ogre
  7287 | D:8      | Found a sparkling altar of Nemelex Xobeh.
  7770 | D:8      | Reached XP level 10. HP: 66/69 MP: 0/22
  8640 | D:9      | Reached ** piety under Makhleb
  8646 | D:9      | Noticed a two-headed ogre
  8657 | D:9      | Killed a two-headed ogre
  9088 | D:9      | Noticed a two-headed ogre
  9109 | D:9      | Killed a two-headed ogre
  9367 | D:10     | Entered Level 10 of the Dungeon
  9741 | D:10     | Reached *** piety under Makhleb
  9763 | D:10     | Noticed Grum
  9805 | D:10     | Killed Grum
  9813 | D:10     | Gained mutation: You do not regenerate when monsters are visible. [potion of mutation]
  9813 | D:10     | Gained mutation: You have large cloven feet. [potion of mutation]
  9821 | D:10     | Slain by a wolf

Skill      XL: |  1  2  3  4  5  6  7  8  9 10 |
---------------+-------------------------------+-----
Conjurations   | 2 3 5 6 9 |  9.9
Fire Magic     | 5 8 10 11 | 11.1
Spellcasting   | 8 9 |  9.7
Dodging        | |  2.0
Stealth        | |  1.7

Action                   |  1- 3 |  4- 6 |  7- 9 | 10-12 || total
-------------------------+-------+-------+-------+-------++-------
Melee: Unarmed           |       |     1 |       |       ||     1
       Dire flail        |       |       |    23 |    81 ||   104
 Cast: Flame Tongue      |    47 |   103 |   206 |   168 ||   524
       Conjure Flame     |       |       |     3 |     5 ||     8
Evoke: Wand              |       |       |       |    10 ||    10
  Use: Potion            |     2 |       |     3 |     7 ||    12
       Scroll            |       |       |     3 |       ||     3
  Eat: Chunk             |     2 |     7 |     7 |     6 ||    22
       Ration            |       |       |     2 |       ||     2
Armor: Robe              |     5 |     1 |    24 |       ||    30
       Skin              |       |       |     3 |       ||     3
       Ring mail         |       |       |    14 |    43 ||    57
Dodge: Dodged            |    14 |    23 |    61 |   133 ||   231
Block: Buckler           |       |       |     9 |       ||     9
